[Event "LEM Niedersachsen-A-Open 2025"]
[Site "Verden"]
[Date "2025.01.04"]
[Round "6.1"]
[White "Kieselbach, Marvin"]
[Black "Weigand, Anton"]
[Result "0-1"]
[ECO "B30"]
[WhiteElo "2008"]
[BlackElo "2092"]
[Annotator "TA"]
[PlyCount "86"]
[EventDate "2024.12.27"]
[EventType "swiss"]
[EventCountry "GER"]
[SourceTitle "playchess.com"]
[Source "ChessBase"]
[SourceQuality "1"]
[TimeControl "40/5400+30:1800+30"]

1. e4 c5 2. Nf3 Nc6 3. Nc3 Nf6 4. Bb5 Qc7 5. O-O Nd4 6. Re1 a6 7. Bf1 Ng4 {[%emt 0:00:18] ( -> ...Nxf3+)} 8. g3 {[%emt 0:07:03] Threatens to win with Nd5.} Nxf3+ $1 9. Qxf3 Ne5 10. Qe2 e6 {[%emt 0:00:11] Dodges Nd5} 11. a4 h5 12. Nd1 h4 13. c3 hxg3 14. fxg3 (14. hxg3 $11 Nc6 15. Ne3) 14... c4 $15 15. b4 {[%emt 0:05:59] Wards off Bc5+} Nd3 {[%emt 0:26:14] Wards off Nb2. Black is more active.} (15... cxb3 16. d4 Nc6 17. Ne3 $15) 16. Ne3 Nxe1 17. Qxe1 a5 18. Bxc4 (18. Bb2 $17) 18... axb4 $19 19. d4 {[%emt 0:00:10] [#]} (19. Bb2 {was worth a try.}) 19... b5 $1 20. Bxb5 Qxc3 21. Qxc3 bxc3 22. Nc4 Ba6 23. Rb1 c2 (23... Bxb5 $19 {and Black stays clearly on top.} 24. axb5 Ra2) 24. Rb2 $17 Bxb5 25. axb5 d5 26. exd5 exd5 27. Ne3 Kd7 28. Rxc2 Rb8 29. Nxd5 Rxb5 30. Ne3 Bd6 31. Rf2 f6 32. Nf5 (32. Kg2 $17) 32... Rb1 $19 33. Rf1 Rc8 34. Be3 Rxf1+ 35. Kxf1 g6 36. Nxd6 $2 (36. Nh4) 36... Kxd6 {[%emt 0:00:07][%mdl 4096] Endgame KR-KB} 37. Kg2 Rc2+ 38. Bf2 Rc3 39. h4 f5 {[%emt 0:00:18] White must now prevent ...Kd5.} 40. Be1 $2 (40. g4 fxg4 41. Be1) 40... Rd3 $2 (40... Rb3 41. g4 fxg4 42. Bg3+ Kd5) 41. Bb4+ $2 (41. g4 fxg4 (41... Rxd4 42. gxf5 gxf5 43. h5 $17) 42. Bg3+ Ke6 43. Bf4) 41... Kd5 42. Bc5 Ke4 43. Kh3 f4 0-1

[Event "LEM Niedersachsen-A-Open 2025"]
[Site "Verden"]
[Date "2025.01.04"]
[Round "6.2"]
[White "Stotyn, Fabian"]
[Black "Bundan, Edward"]
[Result "1/2-1/2"]
[ECO "B20"]
[WhiteElo "2123"]
[BlackElo "1822"]
[Annotator "TA"]
[PlyCount "129"]
[EventDate "2024.12.27"]
[EventType "swiss"]
[EventCountry "GER"]
[SourceTitle "playchess.com"]
[Source "ChessBase"]
[SourceQuality "1"]
[TimeControl "40/5400+30:1800+30"]

1. e4 c5 2. b3 e6 3. Bb2 d5 4. e5 Nc6 5. Nf3 g6 6. h4 (6. c3 $11) 6... h5 7. Bb5 Qb6 8. Bxc6+ Qxc6 9. d4 b6 10. Qe2 {[%emt 0:06:28] Prevents Ba6} a5 11. Nbd2 Ba6 12. c4 Qc7 (12... Ne7 $17) 13. Qe3 (13. Ng5 $11) 13... Bh6 $17 14. Ng5 Ne7 15. Qf3 (15. O-O) 15... Bxg5 ({Black should play} 15... O-O $17 {and ...cxd4 should not be overlooked} 16. dxc5 bxc5 (16... Qxc5 17. Rc1 $17)) 16. hxg5 $15 Bb7 17. Qf4 (17. dxc5 $11 bxc5 18. cxd5 Bxd5 19. Ne4) 17... Nf5 18. g4 Nxd4 19. Bxd4 cxd4 20. Qf6 Rh7 $1 21. Rh4 Qe7 22. Ke2 Qb4 (22... a4 $15 {keeps the upper hand.} 23. Rd1 axb3 24. axb3 Ra2 25. Qxe7+ Kxe7) 23. Rc1 (23. gxh5 $1 $16 d3+ 24. Kxd3) 23... Rc8 $2 (23... d3+ $1 $15 24. Kxd3 Rd8) 24. gxh5 $16 {[%emt 0:00:23] White is more active.} Rxh5 25. Rxh5 (25. Rxd4 Qe7 26. Rg1 Qxf6 27. exf6 e5 $11) 25... gxh5 26. g6 fxg6 27. Qxe6+ Qe7 28. Qxg6+ Qf7 29. Qxf7+ $2 (29. Qxb6 $18 d3+ 30. Kxd3) 29... Kxf7 $18 {[%emt 0:00:07][%mdl 4096] Endgame KRB-KRN} 30. Kd3 dxc4+ (30... Ke6 $11 {remains equal.}) 31. bxc4 (31. Nxc4 $16 Ba6 32. Kxd4 Bxc4 33. bxc4 (33. Rxc4 Rc5 $11)) 31... Ke6 32. Rb1 Rc6 $2 (32... Kxe5 $11 33. Rb5+ Kd6) 33. Kxd4 h4 34. Nf3 $2 (34. Ne4 $18) 34... Ba6 (34... h3 $1 $14) 35. Rc1 (35. Nxh4 Rxc4+ 36. Ke3 Rxh4 $11) (35. Ke3 $142 {Strongly threatening Nd4+.} Kf7 36. Nd4 (36. Nxh4 Bxc4 37. Rb2 Be6 $16)) 35... Rc5 (35... Rc7 $16) 36. Nxh4 Rxe5 37. Ng2 (37. Rb1 $1 $16 b5 38. Nf3) 37... Rf5 $14 38. Rc2 (38. Rb1 $14 Kd7 39. Rb2 (39. Rxb6 Bxc4 40. Rb7+ Kd6 $11)) 38... Kd6 39. Rd2 Kc6 40. a4 Rf8 41. Ne3 Rh8 $2 (41... Rf4+ $1 $11 42. Ke5 Rf3) 42. Nd5 ({Only move:} 42. f4 $18) 42... Rh4+ $2 (42... Rh1 $1 $14) 43. f4 $18 Rh1 44. Rd3 (44. Ne3 $18) 44... Rc1 $16 45. Nc3 ({White should play} 45. Rc3 $1 $16 Rd1+ 46. Ke5) 45... Rf1 $11 46. Nd5 (46. Ne2 $11) 46... Rc1 $16 {[%emt 0:00:00] [#]} 47. Ne3 (47. Rc3 $1 $16 Rf1 48. Re3 Rd1+ 49. Rd3 Rxd3+ 50. Kxd3) 47... Bc8 (47... Ra1 $14) 48. Rd1 $2 (48. Rd2 $18) 48... Rxd1+ $11 49. Nxd1 {[%emt 0:00:00] KB-KN. White is a pawn up.} Kd6 50. Nc3 Bd7 $1 51. Ne4+ Kc7 52. Nc3 Kd6 53. Nb5+ Kc6 54. Nc3 Kd6 55. Nd5 Bxa4 56. Nxb6 Bc2 57. Nd5 Bh7 58. c5+ Kc6 $2 {[%emt 0:00:00][%mdl 8192] [#]} (58... Ke6 $11) 59. f5 $1 Kb7 (59... a4 60. f6) 60. f6 Bg8 {[%emt 0:00:00] [#]} 61. c6+ $2 Kxc6 62. Ne7+ Kd6 63. Nxg8 {[%emt 0:00:00] Intending f7 and mate.} Ke6 64. Kc4 Kf7 65. Kb5 1/2-1/2

[Event "LEM Niedersachsen-A-Open 2025"]
[Site "Verden"]
[Date "2025.01.04"]
[Round "6.3"]
[White "Ploog, Martin"]
[Black "Laubsch, Bernd"]
[Result "0-1"]
[ECO "A21"]
[WhiteElo "2001"]
[BlackElo "2215"]
[Annotator "TA"]
[PlyCount "92"]
[EventDate "2024.12.27"]
[EventType "swiss"]
[EventCountry "GER"]
[SourceTitle "playchess.com"]
[Source "ChessBase"]
[SourceQuality "1"]
[TimeControl "40/5400+30:1800+30"]

1. c4 e5 2. g3 g6 3. Bg2 Bg7 4. Nc3 Ne7 5. d3 c6 6. e4 Na6 7. Nge2 Nc7 8. O-O O-O {[%emt 0:04:40] White is slightly better.} 9. d4 d6 10. dxe5 (10. Re1 $14) 10... dxe5 $11 11. Bg5 {[%emt 0:01:32] [#] Strongly threatening Qxd8.} f6 12. Be3 Ne6 13. c5 Qe8 14. Qb3 Qf7 15. Rad1 Nc7 16. Qxf7+ Kxf7 17. Rd3 g5 18. f3 Ng6 19. Rfd1 Re8 20. Nc1 Bf8 21. Nb3 Na6 22. Na4 (22. a3 $14) 22... Nb4 $1 23. R3d2 Nxa2 24. Na5 Nb4 25. Bf1 Be7 26. Bc4+ Kg7 27. Kf2 (27. Nc3 $11 {might be stronger.}) 27... Nf8 28. f4 $2 (28. Nc3 $11 {and White stays safe.}) 28... Bg4 ({Black should play} 28... gxf4 $19 29. gxf4 exf4 30. Bxf4 b6 31. cxb6 axb6 32. Nxc6 Nxc6 (32... Rxa4 33. Nxe7 Rxe7 34. Bd6 $15)) 29. Rg1 Rab8 (29... b6 $17 30. h3 (30. cxb6 $2 {perishes.} axb6 31. Nxc6 Nxc6 $19) 30... Bxh3 31. Nxc6 Nxc6) 30. fxg5 $15 fxg5 31. Ke1 (31. Be2 $15 Be6 32. Bc4) 31... Bd8 32. Nb3 b5 $36 {[%emt 0:03:25][%mdl 2048] Black is really pushing.} 33. cxb6 axb6 {[%emt 0:00:01] [#] ...b5 would now be deadly.} 34. Be2 Be6 35. Bh5 (35. Nc1 $142) 35... Bxb3 $19 36. Bxe8 Bxa4 37. Rf1 Nc2+ 38. Kf2 Be7 39. Bh5 Nxe3 40. Kxe3 Bc5+ 41. Kf3 Bd4 42. Kg4 Bb3 {[%emt 0:00:20] ...Nd7 is the strong threat.} 43. Ra1 $2 (43. Rf3 Bg8 44. Kxg5) 43... Kh6 {[%emt 0:00:00] Black is clearly winning.} 44. Kf5 Be6+ 45. Kf6 Kxh5 46. h3 Rb7 {[%emt 0:00:00] Weighted Error Value: White=0.76/Black=0.28 (precise) .  Loses game:     	White=1     	---        Mistake:       	White=6     	Black=2      Inaccurate:     	White=2     	Black=4      OK:         	White=8     	Black=13     Best:        	White=2     	Black=2      Strong:       	---       	Black=1} 0-1

[Event "LEM Niedersachsen-A-Open 2025"]
[Site "Verden"]
[Date "2025.01.04"]
[Round "6.4"]
[White "Soellig, Martin"]
[Black "Burkhardt, Holger"]
[Result "0-1"]
[ECO "C61"]
[WhiteElo "1930"]
[BlackElo "2092"]
[Annotator "NA RC"]
[PlyCount "52"]
[EventDate "2024.12.27"]
[EventType "swiss"]
[EventCountry "GER"]
[SourceTitle "playchess.com"]
[Source "ChessBase"]
[SourceQuality "1"]
[TimeControl "40/5400+30:1800+30"]

1. e4 e5 2. Nf3 Nc6 3. Bb5 Nd4 4. Nxd4 exd4 5. O-O Bc5 6. d3 c6 7. Bc4 d5 8. exd5 cxd5 9. Re1+ Ne7 10. Bb5+ Kf8 11. Ba4 h5 12. Bf4 b5 13. Bb3 a5 14. a4 b4 15. h3 Ra6 16. Bg5 f6 17. Bf4 g5 18. Bh2 g4 19. h4 Nf5 20. Bg3 Nxg3 21. fxg3 Bd6 22. Bxd5 Bxg3 23. Bc4 f5 24. Bxa6 Qxh4 25. Re8+ Kxe8 26. Qe2+ Kd8 0-1

[Event "LEM Niedersachsen-A-Open 2025"]
[Site "Verden"]
[Date "2025.01.04"]
[Round "6.5"]
[White "Moeller, Jonas"]
[Black "Becker, Stefan"]
[Result "0-1"]
[ECO "B33"]
[WhiteElo "1934"]
[BlackElo "2036"]
[Annotator "NA RC"]
[PlyCount "58"]
[EventDate "2024.12.27"]
[EventType "swiss"]
[EventCountry "GER"]
[SourceTitle "playchess.com"]
[Source "ChessBase"]
[SourceQuality "1"]
[TimeControl "40/5400+30:1800+30"]

1. e4 c5 2. Nf3 Nc6 3. d4 cxd4 4. Nxd4 Nf6 5. Nc3 e5 6. Ndb5 d6 7. Nd5 Nxd5 8. exd5 Nb8 9. a4 Be7 10. Be2 O-O 11. O-O Nd7 12. a5 a6 13. Nc3 f5 14. f4 Bf6 15. Ra3 exf4 16. Bxf4 Be5 17. b4 b6 18. Bxe5 Nxe5 19. Qd4 b5 20. Nd1 Bd7 21. Rg3 Qf6 22. Kh1 f4 23. Rc3 Qh6 24. Nf2 Rae8 25. Nh3 f3 26. Bxf3 Bxh3 27. gxh3 Qxh3 28. Qf2 Rf4 29. Bg4 Qxf1+ 0-1

[Event "LEM Niedersachsen-A-Open 2025"]
[Site "Verden"]
[Date "2025.01.04"]
[Round "6.6"]
[White "Hoellman, Ludger"]
[Black "Thomas, Jeremy"]
[Result "1/2-1/2"]
[ECO "D10"]
[WhiteElo "2026"]
[BlackElo "1935"]
[Annotator "NA RC"]
[PlyCount "142"]
[EventDate "2024.12.27"]
[EventType "swiss"]
[EventCountry "GER"]
[SourceTitle "playchess.com"]
[Source "ChessBase"]
[SourceQuality "1"]
[TimeControl "40/5400+30:1800+30"]

1. d4 d5 2. c4 c6 3. cxd5 cxd5 4. Bf4 Nc6 5. e3 Bf5 6. Nc3 e6 7. Qb3 Qb6 8. Qxb6 axb6 9. Nf3 h6 10. Bb5 Nge7 11. Bc7 f6 12. Bxb6 Nc8 13. Bc5 Kd7 14. O-O Nd6 15. Be2 Ne4 16. Nxe4 Bxe4 17. Rfc1 Bd6 18. Nd2 Bg6 19. Bb5 Rhc8 20. Nb3 Ke7 21. a3 Be8 22. f3 b6 23. Bxd6+ Kxd6 24. Bd3 e5 25. Kf2 exd4 26. Nxd4 Nxd4 27. exd4 Bc6 28. Bf5 Bd7 29. Bd3 Bc6 30. Bg6 Rc7 31. Rc3 Ra4 32. b4 Rca7 33. Rxc6+ Kxc6 34. Be8+ Kd6 35. Bxa4 Rxa4 36. Ke3 b5 37. Kd3 Ra8 38. Ra2 Ra7 39. Kc3 Rc7+ 40. Kb3 Re7 41. Rc2 Re3+ 42. Rc3 Re2 43. g4 Rxh2 44. a4 bxa4+ 45. Kxa4 Rd2 46. b5 Rxd4+ 47. Ka5 Rc4 48. Rb3 Kc7 49. Re3 Kb7 50. Re6 Rc7 51. Rd6 Rf7 52. Rxd5 g6 53. Rd6 h5 54. gxh5 gxh5 55. Rb6+ Ka7 56. Ra6+ Kb8 57. Rb6+ Ka7 58. Ra6+ Kb8 59. Re6 Kb7 60. Re4 Rh7 61. Rh4 f5 62. Kb4 Kb6 63. Kc4 Rh8 64. Kd5 Kxb5 65. f4 Kb6 66. Ke5 Kc5 67. Kxf5 Kd5 68. Kf6 Rf8+ 69. Kg6 Ke4 70. f5+ Ke5 71. Rxh5 Rf6+ 1/2-1/2

[Event "LEM Niedersachsen-A-Open 2025"]
[Site "Verden"]
[Date "2025.01.04"]
[Round "6.7"]
[White "Hilker, Bjoern"]
[Black "Moeller, Tom"]
[Result "1-0"]
[ECO "B22"]
[WhiteElo "1993"]
[BlackElo "1802"]
[Annotator "NA RC"]
[PlyCount "35"]
[EventDate "2024.12.27"]
[EventType "swiss"]
[EventCountry "GER"]
[SourceTitle "playchess.com"]
[Source "ChessBase"]
[SourceQuality "1"]
[TimeControl "40/5400+30:1800+30"]

1. e4 c5 2. d4 cxd4 3. c3 d5 4. exd5 Qxd5 5. cxd4 Nc6 6. Nf3 Bf5 7. Nc3 Qa5 8. d5 Rd8 9. Qb3 Nb4 10. Bb5+ Bd7 11. Bxd7+ Rxd7 12. O-O Nf6 13. Ne5 Rc7 14. Nxf7 Rg8 15. d6 exd6 16. Qe6+ Be7 17. Nxd6+ Kd8 18. Rd1 1-0

[Event "LEM Niedersachsen-A-Open 2025"]
[Site "Verden"]
[Date "2025.01.04"]
[Round "6.8"]
[White "Freise, Linus"]
[Black "Scheffner, Jarno"]
[Result "0-1"]
[ECO "B25"]
[WhiteElo "1723"]
[BlackElo "1925"]
[Annotator "RC"]
[PlyCount "142"]
[EventDate "2024.12.27"]
[EventType "swiss"]
[EventCountry "GER"]
[SourceTitle "playchess.com"]
[Source "ChessBase"]
[SourceQuality "1"]
[TimeControl "40/5400+30:1800+30"]

1. e4 c5 2. Nc3 d6 3. Nge2 Nf6 4. g3 g6 5. Bg2 Bg7 6. O-O Nc6 7. d3 O-O 8. Rb1 Bd7 9. h3 Qa5 10. a3 b5 11. Bd2 Qb6 12. Be3 b4 13. axb4 Qxb4 14. Nd5 Nxd5 15. exd5 Nd8 16. Bd2 Qb7 17. Bc3 Bxc3 18. Nxc3 Qc8 19. Kh2 Rb8 20. b3 f6 21. Qd2 Nf7 22. Rbe1 Re8 23. Ne4 Kg7 24. Qc3 Rb4 25. Re3 a5 26. Rfe1 a4 27. bxa4 Rxa4 28. Nd2 Kf8 29. Nc4 Qa6 30. Rb1 Bb5 31. Nd2 Rc8 32. Rbe1 Rc7 33. Ne4 Qa5 34. Rb1 Rb7 35. Qe1 Qxe1 36. Rbxe1 Ba6 37. c4 Ra2 38. Kg1 Rb3 39. f4 Raa3 40. Bf1 h5 41. Nd2 Rb7 42. Rc1 Nh6 43. Ne4 Nf5 44. Ree1 Nd4 45. Ra1 Rb2 46. Bg2 Rxa1 47. Rxa1 Bb7 48. Rd1 Ne2+ 49. Kh2 h4 50. gxh4 Nxf4 51. Rd2 Rxd2 52. Nxd2 Nxd3 53. Be4 Ne5 54. Bg2 Ba6 55. Bf1 Bc8 56. Kg3 Kg7 57. Kf4 Kh6 58. Ne4 Kh5 59. Kg3 Bf5 60. Be2+ Kh6 61. Nf2 Nd7 62. Kf4 Bb1 63. Ng4+ Kg7 64. Ne3 Ne5 65. h5 Bd3 66. Bxd3 Nxd3+ 67. Kg4 Ne5+ 68. Kh4 g5+ 69. Kg3 Kh6 70. h4 Kxh5 71. hxg5 Kxg5 0-1

[Event "LEM Niedersachsen-A-Open 2025"]
[Site "Verden"]
[Date "2025.01.04"]
[Round "6.9"]
[White "Gottschalk, Siegfried"]
[Black "Reimer, Philip"]
[Result "0-1"]
[ECO "A21"]
[WhiteElo "1936"]
[BlackElo "2131"]
[Annotator "TA"]
[PlyCount "82"]
[EventDate "2024.12.27"]
[EventType "swiss"]
[EventCountry "GER"]
[SourceTitle "playchess.com"]
[Source "ChessBase"]
[SourceQuality "1"]
[TimeControl "40/5400+30:1800+30"]

1. c4 e5 2. Nc3 Bb4 3. Nd5 Be7 4. Nf3 d6 5. g3 c6 6. Nxe7 Nxe7 7. Bg2 O-O 8. O-O f5 9. b3 Nd7 10. Bb2 Nf6 {[%emt 0:01:08] [#]} 11. c5 $1 e4 12. cxd6 $1 Qxd6 13. Ne5 Ned5 14. Qc2 a5 15. a3 Be6 16. Rac1 Kh8 17. f3 exf3 18. Nxf3 f4 19. Be5 Qxa3 20. gxf4 Nb4 21. Qc5 Bd5 22. Ra1 {[%emt 0:04:41] Black is weak on the dark squares} Qxb3 23. Rxa5 {[%emt 0:00:48] and Bd6 should not be overlooked} Na6 $1 24. Qc3 Qxc3 25. Bxc3 {[%emt 0:00:21] A strong pair of Bishops.} b6 26. Ra3 Nc7 27. Rfa1 (27. Rxa8 $14 Rxa8 28. Ng5) 27... Rxa3 $11 28. Rxa3 Nb5 29. Ra4 Nxc3 30. dxc3 Ne4 31. c4 Nc3 {[%emt 0:00:10] Threatens to win with ...Bxf3.} 32. Rb4 Nxe2+ ({Much worse is} 32... Rxf4 33. Rxb6 Bg8 (33... Nxe2+ $2 {is the wrong capture.} 34. Kf2 $18) (33... Bxc4 34. Rxc6 Nxe2+ 35. Kf2 $11) (33... Rxc4 $2 34. Ne5 $18) 34. Kf2 $11) 33. Kf2 Nxf4 34. Rxb6 Bxc4 35. Rxc6 Bd5 36. Rc3 g5 {[%emt 0:00:16] Black is more active.} 37. Bf1 g4 38. Ne5 $2 (38. Nd2 $15) 38... Nd3+ $19 39. Ke3 Nxe5 40. Kd4 Rxf1 41. Kxe5 Bf7 0-1

[Event "LEM Niedersachsen-A-Open 2025"]
[Site "Verden"]
[Date "2025.01.04"]
[Round "6.10"]
[White "Stoy, Ulf"]
[Black "Renner, Kai"]
[Result "1/2-1/2"]
[ECO "A10"]
[WhiteElo "1918"]
[BlackElo "2080"]
[Annotator "NA RC"]
[PlyCount "48"]
[EventDate "2024.12.27"]
[EventType "swiss"]
[EventCountry "GER"]
[SourceTitle "playchess.com"]
[Source "ChessBase"]
[SourceQuality "1"]
[TimeControl "40/5400+30:1800+30"]

1. c4 f5 2. g3 Nf6 3. Bg2 g6 4. Nc3 Bg7 5. d3 O-O 6. e4 fxe4 7. dxe4 d6 8. Nge2 c5 9. O-O Nc6 10. h3 Be6 11. Nd5 Qd7 12. Kh2 Rab8 13. f4 b5 14. cxb5 Rxb5 15. Nec3 Rbb8 16. Rf2 Nd4 17. g4 Bf7 18. Qd3 e6 19. Nxf6+ Bxf6 20. Qg3 Qd8 21. Qd3 Bh4 22. Rf1 e5 23. fxe5 dxe5 24. Bh6 Re8 1/2-1/2

[Event "LEM Niedersachsen-A-Open 2025"]
[Site "Verden"]
[Date "2025.01.04"]
[Round "6.11"]
[White "Thieu, Nguyen Gia Bao"]
[Black "Schumann, Steffen"]
[Result "1/2-1/2"]
[ECO "B22"]
[WhiteElo "1898"]
[BlackElo "2002"]
[Annotator "NA RC"]
[PlyCount "80"]
[EventDate "2024.12.27"]
[EventType "swiss"]
[EventCountry "GER"]
[SourceTitle "playchess.com"]
[Source "ChessBase"]
[SourceQuality "1"]
[TimeControl "40/5400+30:1800+30"]

1. e4 c5 2. c3 Nf6 3. e5 Nd5 4. Bc4 e6 5. Nf3 Nc6 6. d4 cxd4 7. cxd4 d6 8. O-O Be7 9. Qe2 O-O 10. Qe4 Nb6 11. Bb3 d5 12. Qd3 Bd7 13. Bc2 g6 14. a3 f6 15. exf6 Bxf6 16. Re1 Rc8 17. Nc3 Nc4 18. Rb1 Nd6 19. Bf4 Nf5 20. Be5 Bxe5 21. dxe5 Nh4 22. Nxh4 Qxh4 23. g3 Qd4 24. Qxd4 Nxd4 25. Bd1 b5 26. Bg4 h5 27. Rbd1 Rc4 28. Be2 Nxe2+ 29. Nxe2 Rc2 30. Rb1 Rd2 31. Kf1 b4 32. Red1 Rxd1+ 33. Rxd1 bxa3 34. bxa3 Bb5 35. Rb1 Bd3 36. Rb4 Rf5 37. f4 g5 38. Kf2 Bxe2 39. Kxe2 gxf4 40. gxf4 Kg7 1/2-1/2

[Event "LEM Niedersachsen-A-Open 2025"]
[Site "Verden"]
[Date "2025.01.04"]
[Round "6.13"]
[White "Boerma, Daniel"]
[Black "Holtwessels, Jan"]
[Result "1-0"]
[ECO "C44"]
[WhiteElo "1958"]
[BlackElo "1812"]
[Annotator "NA RC"]
[PlyCount "83"]
[EventDate "2024.12.27"]
[EventType "swiss"]
[EventCountry "GER"]
[SourceTitle "playchess.com"]
[Source "ChessBase"]
[SourceQuality "1"]
[TimeControl "40/5400+30:1800+30"]

1. e4 Nc6 2. d3 e5 3. Nf3 Nf6 4. g3 Bc5 5. Bg2 d6 6. O-O Bg4 7. h3 Bxf3 8. Bxf3 Qd7 9. Bg2 O-O 10. Kh2 Ne8 11. f4 exf4 12. Bxf4 f5 13. Nc3 Bb6 14. Nd5 fxe4 15. Nxb6 axb6 16. dxe4 Nf6 17. g4 Qe7 18. g5 Nd7 19. c3 Nde5 20. Qd5+ Kh8 21. b4 Ng6 22. Bg3 Rae8 23. Rxf8+ Rxf8 24. Rf1 Rxf1 25. Bxf1 Qf8 26. Qf5 Qa8 27. Bc4 Nce5 28. Bb3 Qe8 29. Kg2 Nd3 30. Kf1 Nge5 31. h4 h6 32. gxh6 gxh6 33. Qf6+ Kh7 34. Be6 h5 35. Ke2 Qb5 36. Qe7+ Kh6 37. Qf8+ Kh7 38. Bf5+ Ng6 39. Bxg6+ Kxg6 40. Qf5+ Qxf5 41. exf5+ Kxf5 42. Kxd3 1-0

[Event "LEM Niedersachsen-A-Open 2025"]
[Site "Verden"]
[Date "2025.01.04"]
[Round "6.14"]
[White "Oblender, Rudi"]
[Black "Belakhin, Alexander"]
[Result "1/2-1/2"]
[ECO "B07"]
[WhiteElo "1779"]
[BlackElo "1945"]
[Annotator "NA RC"]
[PlyCount "66"]
[EventDate "2024.12.27"]
[EventType "swiss"]
[EventCountry "GER"]
[SourceTitle "playchess.com"]
[Source "ChessBase"]
[SourceQuality "1"]
[TimeControl "40/5400+30:1800+30"]

1. e4 d6 2. Nf3 Nf6 3. Nc3 c6 4. d4 Bg4 5. Be2 e6 6. h3 Bh5 7. Bg5 Be7 8. Qd2 d5 9. exd5 Nxd5 10. Nxd5 exd5 11. Bxe7 Qxe7 12. O-O-O Nd7 13. g4 Bg6 14. Ne5 Nxe5 15. dxe5 Qc5 16. f4 Be4 17. Rhg1 O-O-O 18. Rg3 d4 19. Bf3 Bd5 20. Bxd5 Rxd5 21. Qd3 g6 22. Qa3 Rhd8 23. Qxc5 Rxc5 24. Rgd3 Rcd5 25. Kd2 Kd7 26. Ke2 Ke6 27. Kf3 g5 28. fxg5 c5 29. Kf4 Rxe5 30. c3 Re2 31. cxd4 Rxd4+ 32. Rxd4 cxd4 33. Rxd4 Rf2+ 1/2-1/2

[Event "LEM Niedersachsen-A-Open 2025"]
[Site "Verden"]
[Date "2025.01.04"]
[Round "6.15"]
[White "Zweigait, Leon"]
[Black "Lebiedz, Oliver"]
[Result "0-1"]
[ECO "B45"]
[WhiteElo "1865"]
[BlackElo "1939"]
[Annotator "NA RC"]
[PlyCount "96"]
[EventDate "2024.12.27"]
[EventType "swiss"]
[EventCountry "GER"]
[SourceTitle "playchess.com"]
[Source "ChessBase"]
[SourceQuality "1"]
[TimeControl "40/5400+30:1800+30"]

1. e4 c5 2. Nf3 e6 3. d4 cxd4 4. Nxd4 Nf6 5. Nc3 Nc6 6. Ndb5 Bc5 7. Bf4 e5 8. Bg5 d6 9. a4 a6 10. Na3 Qb6 11. Nc4 Bxf2+ 12. Kd2 Qd4+ 13. Kc1 Qxd1+ 14. Kxd1 O-O 15. Bxf6 gxf6 16. Bd3 Nb4 17. Rf1 Nxd3 18. cxd3 Bc5 19. Rxf6 Kg7 20. Rf1 Be6 21. Ke2 f5 22. exf5 Bxf5 23. Rab1 d5 24. Nd2 Bg4+ 25. Nf3 Rae8 26. h3 e4 27. dxe4 dxe4 28. hxg4 exf3+ 29. Kd3 fxg2 30. Rfc1 g1=Q 31. Rxg1 Bxg1 32. Rxg1 Rf4 33. b3 Rf3+ 34. Kd4 Rd8+ 35. Nd5 Rxb3 36. Rc1 Rd7 37. Ke5 b5 38. Ke6 Rf7 39. axb5 Rxb5 40. Rc6 Ra7 41. Nc7 Rg5 42. Rc4 a5 43. Ne8+ Kf8 44. Nc7 Rg6+ 45. Kf5 a4 46. Nb5 Ra5 47. Rc8+ Kg7 48. Rc7+ Kh6 0-1

[Event "LEM Niedersachsen-A-Open 2025"]
[Site "Verden"]
[Date "2025.01.04"]
[Round "6.16"]
[White "Koch, Yannick"]
[Black "Bangert, Jonas"]
[Result "1-0"]
[ECO "E47"]
[WhiteElo "2024"]
[BlackElo "1894"]
[Annotator "NA RC"]
[PlyCount "93"]
[EventDate "2024.12.27"]
[EventType "swiss"]
[EventCountry "GER"]
[SourceTitle "playchess.com"]
[Source "ChessBase"]
[SourceQuality "1"]
[TimeControl "40/5400+30:1800+30"]

1. d4 Nf6 2. c4 e6 3. Nc3 Bb4 4. e3 O-O 5. Bd3 c5 6. Nge2 cxd4 7. exd4 b6 8. O-O d5 9. Bg5 Be7 10. cxd5 Nxd5 11. Bxe7 Nxe7 12. Qc2 h6 13. Be4 Nbc6 14. Rfd1 Bb7 15. a3 Rc8 16. Qa4 Qc7 17. Rac1 Rfd8 18. d5 exd5 19. Nxd5 Nxd5 20. Bxd5 Qb8 21. Ng3 Ne5 22. Ba2 Rxc1 23. Rxc1 a5 24. Qb5 Nd3 25. Rd1 Nc5 26. Re1 Qc7 27. Re8+ Kh7 28. Bb1+ g6 29. Rxd8 Qxd8 30. Qe2 Qd5 31. f3 Ba6 32. Qc2 Qd4+ 33. Kh1 Qe3 34. Qd1 Na4 35. h4 Nxb2 36. Qd7 Bc4 37. Kh2 Be6 38. Qe7 Qc5 39. Qf6 Qc1 40. Bxg6+ fxg6 41. Qe7+ Kh8 42. Qxe6 Qf4 43. Kh3 Nc4 44. Qxg6 Qf8 45. a4 Nd6 46. Qg4 Nf7 47. Qd4+ 1-0

[Event "LEM Niedersachsen-A-Open 2025"]
[Site "Verden"]
[Date "2025.01.04"]
[Round "6.17"]
[White "Kiesel, Lucas"]
[Black "Nuerenberg, Marius"]
[Result "1-0"]
[ECO "E19"]
[WhiteElo "2023"]
[BlackElo "1911"]
[Annotator "RC"]
[PlyCount "125"]
[EventDate "2024.12.27"]
[EventType "swiss"]
[EventCountry "GER"]
[SourceTitle "playchess.com"]
[Source "ChessBase"]
[SourceQuality "1"]
[TimeControl "40/5400+30:1800+30"]

1. d4 Nf6 2. c4 e6 3. Nf3 b6 4. g3 Bb7 5. Bg2 Be7 6. O-O Ne4 7. Qc2 f5 8. Nc3 Nxc3 9. Qxc3 O-O 10. b3 Bf6 11. Bb2 d6 12. Rad1 Qe7 13. Qc1 Nd7 14. Rfe1 a5 15. Nd2 Bxg2 16. Kxg2 e5 17. dxe5 dxe5 18. Ba3 c5 19. Nb1 e4 20. Nc3 Bxc3 21. Qxc3 Rad8 22. Rd2 Ne5 23. Red1 Rxd2 24. Qxd2 Qb7 25. Bb2 Nd3 26. Kg1 Nxb2 27. Qxb2 Qe7 28. Qd2 Re8 29. Qd5+ Qe6 30. Qxe6+ Rxe6 31. Rd7 Kf8 32. Rb7 Rd6 33. a4 h5 34. Kg2 Kg8 35. f3 Re6 36. fxe4 fxe4 37. Kf2 Kh7 38. Ke3 Kg6 39. Rb8 Kf5 40. Rf8+ Rf6 41. Re8 Rd6 42. Rxe4 Rd1 43. Rf4+ Ke5 44. Rf3 Rb1 45. Kf2 Kd4 46. Rd3+ Ke4 47. h4 Rb2 48. Re3+ Kd4 49. Kf3 Rb1 50. Kf4 Rd1 51. Rf3 Rd2 52. Kg5 Rxe2 53. Kxh5 Re6 54. g4 Ke4 55. Rf7 g6+ 56. Kg5 Kd3 57. Rf6 Rxf6 58. Kxf6 Kc3 59. Kxg6 Kxb3 60. h5 Kxa4 61. h6 Kb3 62. h7 a4 63. h8=Q 1-0

[Event "LEM Niedersachsen-A-Open 2025"]
[Site "Verden"]
[Date "2025.01.04"]
[Round "6.18"]
[White "Monnerjahn, Lukas"]
[Black "Ophardt, Paul"]
[Result "1/2-1/2"]
[ECO "A87"]
[WhiteElo "1909"]
[BlackElo "2015"]
[Annotator "NA RC"]
[PlyCount "72"]
[EventDate "2024.12.27"]
[EventType "swiss"]
[EventCountry "GER"]
[SourceTitle "playchess.com"]
[Source "ChessBase"]
[SourceQuality "1"]
[TimeControl "40/5400+30:1800+30"]

1. d4 f5 2. c4 Nf6 3. Nc3 d6 4. Nf3 g6 5. g3 Bg7 6. Bg2 O-O 7. d5 e5 8. dxe6 Bxe6 9. Ng5 Bc8 10. Bd5+ Kh8 11. O-O Qe7 12. Bg2 h6 13. Nh3 Qf7 14. Nf4 Re8 15. Ncd5 Na6 16. Rb1 Ng4 17. Qc2 c6 18. Ne3 Nf6 19. Rd1 Rd8 20. b4 Nc7 21. h4 Ne6 22. Nxe6 Bxe6 23. Bb2 Rac8 24. Rd2 d5 25. Rbd1 Ne4 26. Rd3 b5 27. cxb5 cxb5 28. Qb1 Rc7 29. Qa1 Rcd7 30. Bxg7+ Qxg7 31. Qxg7+ Kxg7 32. Nc2 Rc7 33. Nd4 Bd7 34. Nb3 Be6 35. Nd4 Bd7 36. Nb3 Be6 1/2-1/2